 Dungeon Crawl Stone Soup version 0.28.0-1-gb440e238dd (webtiles) character file.

Game seed: 5568640813979151340

3420 DoubleLucky the Destroyer (level 10, -5/50 HPs)
             Began as a Tengu Fire Elementalist on Feb 27, 2022.
             Was a Believer of Vehumet.
             Slain by Duvessa (10 damage)
             ... on level 7 of the Dungeon.
             The game lasted 00:44:37 (9384 turns).

DoubleLucky the Destroyer (Tengu Fire Elementalist) Turns: 9384, Time: 00:44:37

Health: -5/50      AC:  4    Str: 11    XL:     10   Next: 5%
Magic:  13/22      EV: 14    Int: 18    God:    Vehumet [**....]
Gold:   359        SH:  0    Dex: 14    Spells: 17/24 levels left

rFire   + . .      SeeInvis .   v - +0 short sword (speed)
rCold   + . .      Faith    .   (no shield)
rNeg    . . .      Spirit   .   m - +1 animal skin
rPois   +          Reflect  .   (helmet restricted)
rElec   .          Harm     .   q - +0 cloak
rCorr   .          Rampage  .   (no gloves)
Will    .....      Clarity  +   (boots unavailable)
Stlth   ++........              (no amulet)
HPRegen 0.16/turn               n - ring of protection from cold
MPRegen 0.18/turn               w - ring of poison resistance

@: flying quickly and evasively, quick
A: beak, talons 3, nimble flight, clarity, deterioration 1, fire resistance 1
a: Renounce Religion


You were on level 7 of the Dungeon.
You worshipped Vehumet.
Vehumet was pleased with you.
You visited 2 branches of the dungeon, and saw 8 of its levels.
You also visited: Ossuary.

You collected 359 gold pieces.

Inventory:

Hand Weapons
 i - a +2 war axe of venom
 v - a +0 short sword of speed (weapon)
Missiles
 p - 22 poisoned darts
Armour
 g - a +0 leather armour of positive energy
 m - a +1 animal skin (worn)
 o - the +0 buckler of Disguise {-Tele rN+ SInv}
   (You found it on level 3 of the Dungeon)

   rN:        It protects you from negative energy.
   SInv:      It lets you see invisible.
   -Tele:     It prevents most forms of teleportation.
 q - a +0 cloak (worn)
Jewellery
 n - a ring of protection from cold (left hand)
 w - a ring of poison resistance (right hand)
Wands
 y - a wand of digging (3)
Scrolls
 b - 2 scrolls of vulnerability {unknown}
 d - 2 scrolls of silence {unknown}
 h - 3 scrolls of fear
 j - a scroll of enchant weapon
 l - 2 scrolls of immolation
 r - 2 scrolls of magic mapping {unknown}
 t - a scroll of fog {unknown}
 u - a scroll of amnesia {unknown}
Potions
 a - a potion of berserk rage {unknown}
 c - 6 potions of curing
 e - 3 potions of mutation
 f - 5 potions of ambrosia
 k - a potion of cancellation {unknown}
 s - a potion of heal wounds {unknown}
 x - a potion of resistance {unknown}
 z - 2 potions of attraction {unknown}
 A - 4 potions of magic {unknown}


   Skills:
 - Level 2.1 Dodging
 - Level 2.0 Stealth
 + Level 7.6 Spellcasting
 + Level 10.5 Conjurations
 + Level 9.5 Fire Magic


You had 17 spell levels left.
You knew the following spells:

 Your Spells              Type           Power      Damage    Failure   Level
a - Foxfire               Conj/Fire      100%       2x1d9     1%          1
b - Inner Flame           Hex/Fire       23%        N/A       4%          3
c - Conjure Flame         Conj/Fire      43%        6-21      1%          3

Your spell library contained the following spells:

 Spells                   Type           Power      Damage    Failure   Level
 Static Discharge         Conj/Air       25%        N/A       1%          2
 Scorch                   Fire           82%        2d9       1%          2
 Flame Wave               Conj/Fire      43%        2d9       1%          4
 Summon Guardian Golem    Hex/Summ       6%         N/A       30%         3
 Orb of Destruction       Conj           22%        9d8       73%         7
 Spellforged Servitor     Conj/Summ      12%        N/A       100%        7


Dungeon Overview and Level Annotations

Branches:
Dungeon (7/15)             Temple (1/1) D:5         Ossuary (visited)

Altars:
Ashenzari
Dithmenos
Kikubaaqudgha
Nemelex Xobeh
Okawaru
Qazlal
Ru
Uskayaw
Vehumet
Wu Jian
Yredelemnul

Annotations:
D:7 Duvessa


Innate Abilities, Weirdness & Mutations

You have a beak for a mouth.
You have claws for feet.
Your magical nature lets you fly swiftly and evasively.
You possess an exceptional clarity of mind.
Your body sometimes deteriorates upon taking damage.
Your flesh is heat resistant. (rF+)


Message History

Duvessa is severely wounded.
Duvessa misses you. Duvessa hits you with a +0 short sword.
Press: ? - help, v - describe, . - travel
Here: Duvessa, wielding a +0 short sword and wearing a +0 leather armour (severely wounded, berserk, ally target)
The floor.
Unknown command.
Unknown command.
Casting: Foxfire (safe; 1% risk of failure)
Confirm with . or Enter, or press ? or * to list all spells.
You conjure some foxfire!
The foxfire hits Duvessa.
Duvessa is severely wounded.
The foxfire hits Duvessa but does no damage.
Duvessa is severely wounded.
Duvessa hits you with a +0 short sword.
Casting: Foxfire (safe; 1% risk of failure)
Confirm with . or Enter, or press ? or * to list all spells.
You conjure some foxfire!
The foxfire hits Duvessa.
Duvessa is severely wounded.
Duvessa hits you with a +0 short sword!!
Duvessa hits you with a +0 short sword!
* * * LOW HITPOINT WARNING * * *
Your foxfire dissipates!
The foxfire hits Duvessa but does no damage.
Duvessa is severely wounded.
The foxfire hits Duvessa!
Duvessa is almost dead.
Casting: Foxfire (safe; 1% risk of failure)
Confirm with . or Enter, or press ? or * to list all spells.
You conjure some foxfire!
Duvessa hits you with a +0 short sword.
* * * LOW HITPOINT WARNING * * *
Duvessa hits you with a +0 short sword.
* * * LOW HITPOINT WARNING * * *
You closely miss Duvessa.
Duvessa is almost dead.
The foxfire hits Duvessa.
Duvessa is almost dead.
The foxfire hits Duvessa.
Duvessa is almost dead.
Duvessa hits you with a +0 short sword!
You die...

#..^....... #..^.....^^....
#.............## ##+##
#......^^..^..^## ##
##...###^....^.^.......#...
##.<...##.................
##.......#.).^.^^.^..^.).#
#..............§.......###.#..
+.........+.....@e...........e
#.........##....^.....####.#..
#.......###..^....^.##
##.....## #.##....#.# ##...##
#....>....# ##†## #####.#####
#.# #.# #.# #.# ##.## ####.#


You could see Duvessa (berserk).

Vanquished Creatures
  Pikel (D:5)
  Sigmund (D:5)
  A shadow (D:6)
  Menkaure (D:4)
  An acid dragon (D:6)
  3 water moccasins
  An orc warrior (D:7)
  A black bear (D:5)
  An ogre (D:4)
  A centaur (D:7)
  3 phantoms (D:5)
  2 lemures
  A kobold brigand (D:6)
  A bullfrog (D:6)
  A scorpion (D:6)
  2 wyvern zombies (D:6)
  Dowan (D:7)
  5 killer bees (D:7)
  A howler monkey (D:5)
  3 hounds
  A jelly (D:4)
  A bullfrog skeleton (D:6)
  5 orc priests
  A centaur skeleton (D:7)
  2 gnoll shamans (D:5)
  6 iguanas
  3 orc wizards
  3 hound zombies (Ossuary)
  4 mummies (Ossuary)
  Robin (D:2)
  8 gnolls
  4 adders
  A shadow imp (D:6)
  A white imp (D:6)
  An ufetubus (D:6)
  An adder zombie (Ossuary)
  An adder skeleton (D:5)
  4 worms
  2 dart slugs (D:2)
  14 orcs
  10 bats
  6 endoplasms
  A giant cockroach (D:2)
  11 goblins
  5 hobgoblins
  6 jackals
  6 quokkas
  12 ball pythons
  A gnoll zombie (Ossuary)
  A hobgoblin zombie (Ossuary)
  10 kobolds
  3 kobold zombies (Ossuary)
  An orc zombie (Ossuary)
  A quokka zombie (D:5)
  5 rats
  3 rat zombies
178 creatures vanquished.

Vanquished Creatures (others)
  801 foxfires
801 creatures vanquished.

Grand Total: 979 creatures vanquished

Notes
Turn   | Place    | Note
-------+----------+-------------------------------------------
     0 | D:1      | DoubleLucky the Tengu Fire Elementalist began the quest for
                  | the Orb.
     0 | D:1      | Reached XP level 1. HP: 10/10 MP: 4/4
   332 | D:1      | Reached XP level 2. HP: 15/15 MP: 0/6
   426 | D:1      | Reached skill level 2 in Conjurations
  1026 | D:2      | Reached XP level 3. HP: 19/19 MP: 1/7
  1630 | D:2      | Learned a level 3 spell: Inner Flame
  1729 | D:2      | Reached skill level 3 in Conjurations
  1792 | D:2      | Noticed Robin
  1793 | D:2      | Reached XP level 4. HP: 24/24 MP: 4/9
  1805 | D:2      | Killed Robin
  1978 | D:2      | Found an ornate altar of the Wu Jian Council.
  1985 | D:2      | You fall into a shaft and drop 2 floors!
  2266 | D:3      | Identified the +0 buckler of Disguise {-Tele rN+ SInv}
  2559 | D:3      | Learned a level 3 spell: Conjure Flame
  3079 | D:2      | Gained mutation: Your magical nature lets you fly swiftly
                  | and evasively. [Tengu growth]
  3079 | D:2      | Reached XP level 5. HP: 28/28 MP: 5/10
  3607 | D:4      | Gained mutation: You possess an exceptional clarity of
                  | mind. [potion of mutation]
  3607 | D:4      | Gained mutation: Your body sometimes deteriorates upon
                  | taking damage. [potion of mutation]
  3607 | D:4      | Gained mutation: Your flesh is heat resistant. (rF+)
                  | [potion of mutation]
  3718 | D:4      | Reached skill level 4 in Conjurations
  4054 | D:4      | Reached XP level 6. HP: 29/32 MP: 8/12
  4063 | D:4      | Reached skill level 5 in Fire Magic
  4329 | D:4      | Found an iron altar of Okawaru.
  4428 | D:4      | Reached skill level 5 in Conjurations
  4568 | D:4      | Noticed Menkaure
  4575 | D:4      | Killed Menkaure
  4576 | D:4      | Reached XP level 7. HP: 20/36 MP: 7/14
  5057 | D:5      | Entered Level 5 of the Dungeon
  5110 | D:5      | Noticed Sigmund
  5120 | D:5      | Reached skill level 6 in Conjurations
  5281 | D:5      | Found a staircase to the Ecumenical Temple.
  5287 | Temple   | Entered the Ecumenical Temple
  5362 | Temple   | Became a worshipper of Vehumet
  5431 | D:5      | Reached skill level 5 in Spellcasting
  5431 | D:5      | Reached XP level 8. HP: 41/41 MP: 11/16
  5505 | D:5      | Reached skill level 7 in Conjurations
  5654 | D:5      | Found a sand-covered staircase.
  5661 | Ossuary  | Entered an ossuary
  6254 | D:5      | Noticed Pikel
  6490 | D:5      | Killed Sigmund
  6863 | D:5      | Killed Pikel
  6864 | D:5      | Reached skill level 8 in Conjurations
  6864 | D:5      | Reached XP level 9. HP: 41/45 MP: 11/19
  7043 | D:6      | Reached * piety under Vehumet
  7043 | D:6      | Offered knowledge of Freeze by Vehumet.
  7290 | D:6      | Reached skill level 9 in Conjurations
  8883 | D:7      | Reached skill level 10 in Conjurations
  9181 | D:7      | Reached XP level 10. HP: 50/50 MP: 11/22
  9261 | D:7      | Reached ** piety under Vehumet
  9261 | D:7      | Offered knowledge of Static Discharge by Vehumet.
  9339 | D:7      | Noticed Dowan
  9368 | D:7      | Killed Dowan
  9373 | D:7      | Noticed Duvessa
  9384 | D:7      | Slain by Duvessa

Illustrated notes

Levels and vault maps discovered:
D:1:      lightli_arrival_maybe_door_vault, layout_loops_corners
D:2:      minmay_razor_zed, layout_rooms, basic_altar, uniq_robin
D:3:      layout_rooms
D:4:      layout_loops_cross, mainiacjoe_overflow_six_doors_small,
          kennysheep_decorative_pillar, st_stairs_12, uniq_menkaure
D:5:      layout_rooms, minmay_temple_entry_fiery, enter_ossuary_4,
          minmay_misc_feat_iff, uniq_pikel, uniq_sigmund
D:6:      layout_basic, chequers_serial_rivers_micro_a, kb_rosetta
D:7:      layout_loops_corners, minmay_holes, grunt_ministairs_6,
          minmay_fractal_squares_diagonal_5, uniq_duvessa, uniq_prince_ribbit1
Temple:   dpeg_five_rooms_temple

Skill      XL: |  1  2  3  4  5  6  7  8  9 |
---------------+----------------------------+-----
Conjurations   | 2 3 4 5 6 8 10 | 10.5
Fire Magic     | 4 5 6 7 9 |  9.5
Spellcasting   | 3 4 5 6 7 |  7.6
Dodging        | |  2.1
Stealth        | |  2.0

Action                   |  1- 3 |  4- 6 |  7- 9 | 10-12 || total
-------------------------+-------+-------+-------+-------++-------
Melee: Dagger            |     6 |    33 |       |       ||    39
       Peck              |     3 |     3 |     5 |       ||    11
       Kick              |     1 |     6 |     7 |       ||    14
       Punch             |       |     1 |     1 |       ||     2
       Short sword       |       |       |    23 |     1 ||    24
 Cast: Foxfire           |    68 |   131 |   263 |    29 ||   491
       Conjure Flame     |       |     2 |     9 |       ||    11
  Use: Scroll            |       |     2 |     7 |       ||     9
       Potion            |       |     1 |       |       ||     1
Armor: Robe              |     2 |       |       |       ||     2
       Animal skin       |       |    12 |    15 |     1 ||    28
Dodge: Dodged            |    10 |    20 |    67 |     4 ||   101
